Map: Orbital Shipyard

Players

Grumm - Winner!

  • Race: Protoss Protoss
  • League: Gold

MoT

  • Race: Terran Terran

VOD

Have the link to the VOD?

Description

Time

  • Played on: Feb. 18, 2016, 5:39 p.m.
  • Length: 16:44
Show
View Real Time Build Order
Export as new Build Order

Grumm Protoss - Winner!

Build Orders: 1 Gate Expand, Double Forge 

Get SALT Encoding   

  12  0:01  Probe (Chrono Boost)  
  13  0:11  Probe (Chrono Boost)  
  14  0:21  Pylon  
  14  0:22  Probe (Chrono Boost)  
  15  0:39  Probe (Chrono Boost)  
  15  0:40  Gateway  
  16  0:45  Assimilator  
  17  0:50  Probe (Chrono Boost)  
  17  1:14  Probe (Chrono Boost)  
  18  1:20  Nexus  
  18  1:32  Cybernetics Core  
  18  1:33  Probe (Chrono Boost)  
  19  1:44  Probe (Chrono Boost)  
  20  1:56  Probe (Chrono Boost)  
  21  2:02  Gateway  
  21  2:06  Pylon  
  21  2:08  Adept  
  22  2:10  Warp Gate (Chrono Boost)  
  22  2:25  Pylon  
  22  2:32  Mothership Core  
  22  2:35  Zealot  
  26  2:37  Assimilator, Probe  
  27  2:57  Pylon, Probe  
  27  2:59  Probe  
  27  3:04  Adept  
  31  3:08  Adept  
  31  3:12  Probe  
  34  3:25  Gateway  
  34  3:28  Probe  
  34  3:33  Adept  
  37  3:35  Stalker  
  39  3:48  Forge  
  39  3:56  Pylon, Probe  
  39  3:57  Probe  
  41  4:07  Probe (Chrono Boost)  
  42  4:18  Forge  
  42  4:19  Probe x2 (Chrono Boost)  
  42  4:23  Pylon  
  44  4:29  Probe x2 (Chrono Boost)  
  46  4:40  Probe (Chrono Boost)  
  46  4:41  Pylon  
  46  4:43  Probe (Chrono Boost)  
  48  4:46  Robotics Facility  
  48  4:50  Probe (Chrono Boost), Protoss Ground Weapons Level 1 (Chrono Boost)  
  49  4:54  Probe (Chrono Boost)  
  50  5:01  Probe (Chrono Boost)  
  50  5:02  Assimilator  
  50  5:05  Probe (Chrono Boost)  
  50  5:06  Assimilator  
  52  5:07  Protoss Ground Armor Level 1 (Chrono Boost)  
  52  5:10  Zealot x2  
  52  5:11  Probe (Chrono Boost)  
  57  5:31  Probe x2 (Chrono Boost)  
  57  5:33  Warp Prism  
  61  5:42  Photon Cannon  
  61  5:43  Pylon, Probe x2  
  61  5:47  Photon Cannon  
  63  5:52  Photon Cannon  
  63  5:56  Photon Cannon  
  63  6:06  Probe  
  64  6:11  Stalker  
  64  6:12  Stalker  
  68  6:19  Immortal (Chrono Boost)  
  56  6:53  Gateway  
  56  6:58  Immortal (Chrono Boost)  
  60  7:06  Adept  
  60  7:07  Adept x2  
  62  7:40  Adept x3  
  56  7:49  Immortal (Chrono Boost)  
  60  7:53  Stargate  
  60  7:56  Pylon  
  60  8:05  Nexus  
  60  8:11  Stalker x2  
  60  8:12  Pylon, Stalker x2  
  68  8:15  Pylon  
  68  8:19  Pylon  
  68  8:25  Photon Cannon  
  68  8:34  Photon Cannon  
  68  8:37  Photon Cannon  
  68  8:40  Photon Cannon  
  68  8:47  Probe, Photon Cannon  
  68  8:48  Stalker, Probe  
  70  8:49  Stalker x3  
  70  8:50  Pylon  
  78  9:00  Probe  
  79  9:06  Observer (Chrono Boost)  
  79  9:07  Void Ray (Chrono Boost)  
  84  9:12  Probe x2  
  86  9:19  Photon Cannon  
  87  9:24  Probe  
  87  9:31  Assimilator  
  87  9:34  Observer (Chrono Boost)  
  87  9:36  Assimilator  
  87  9:38  Protoss Shields Level 1  
  88  9:41  Twilight Council  
  88  9:50  Photon Cannon  
  88  9:51  Adept x2  
  88  9:52  Adept x2  
  90  10:32  Adept x4  
  88  10:52  Zealot x2  
  88  10:53  Zealot x2  
  96  10:59  Immortal  
  100  11:09  Void Ray (Chrono Boost)  
  104  11:16  Zealot x3  
  104  11:17  Zealot  
  112  11:19  Charge (Chrono Boost)  
  112  11:23  Gateway  
  112  11:25  Protoss Ground Armor Level 2  
  112  11:26  Probe  
  112  11:27  Probe x2  
  115  11:38  Stalker x2, Immortal  
  115  11:39  Stalker x2  
  127  11:44  Protoss Ground Weapons Level 2  
  127  11:50  Void Ray  
  131  12:04  Stalker  
  133  12:09  Pylon  
  133  12:18  Photon Cannon  
  133  12:22  Photon Cannon  
  133  12:27  Probe  
  134  12:38  Adept x3  
  134  12:42  Probe  
  141  12:46  Pylon  
  141  12:48  Pylon  
  141  12:50  Gateway  
  141  12:51  Gateway  
  141  12:54  Gateway  
  141  12:58  Gateway  
  141  13:13  Pylon  
  141  13:37  Immortal  
  141  13:38  Void Ray  
  141  13:39  Probe  
  150  13:46  Zealot x3, Fleet Beacon  
  150  13:47  Zealot  
  158  13:53  Nexus  
  158  13:56  Protoss Ground Armor Level 3  
  158  13:57  Photon Cannon  
  152  14:20  Void Ray  
  155  14:39  Adept x5  
  165  14:45  Resonating Glaives (Chrono Boost)  
  165  14:58  Assimilator  
  165  15:01  Assimilator  
  165  15:12  Stalker x2  
  165  15:13  Stalker x3  
  175  15:14  Adept  
  175  15:15  Adept  
  171  15:51  Stalker x4  
  139  16:15  Zealot x3  
  139  16:16  Adept, Zealot  
  139  16:17  Adept x3  
Show
View Real Time Build Order
Export as new Build Order

MoT Terran 

Build Orders: MMM Bio 

Get SALT Encoding   

  12  0:01  SCV  
  13  0:13  SCV  
  14  0:23  Supply Depot  
  14  0:25  SCV  
  15  0:45  SCV  
  15  0:46  Barracks  
  16  0:57  Barracks  
  16  0:59  SCV  
  17  1:05  Refinery  
  17  1:12  SCV  
  18  1:19  Engineering Bay  
  18  1:32  Refinery  
  18  1:34  Marine  
  19  1:45  Marine  
  20  1:52  Marine  
  21  2:10  Marine  
  22  2:16  Supply Depot  
  22  2:20  Barracks Tech Lab  
  22  2:28  Orbital Command, Marine  
  23  2:37  Factory  
  23  2:49  Missile Turret  
  23  3:00  Supply Depot  
  23  3:03  Barracks Reactor  
  23  3:04  SCV  
  24  3:11  Missile Turret  
  24  3:16  SCV  
  24  3:19  Marine, Stimpack  
  26  3:22  Factory Tech Lab  
  26  3:38  Marauder  
  26  3:39  Marine x2  
  30  3:45  SCV  
  31  3:49  Siege Tank  
  34  3:57  SCV  
  35  4:09  SCV  
  36  4:14  Command Center  
  36  4:20  Supply Depot  
  36  4:22  SCV  
  37  4:27  Marine x2  
  39  4:37  Supply Depot  
  39  4:41  Marine  
  39  4:44  Supply Depot, SCV  
  41  4:49  Marine x2  
  45  5:00  Marauder  
  45  5:03  Siege Tank  
  48  5:10  Marine  
  48  5:11  Marine  
  50  5:16  Terran Infantry Weapons Level 1  
  50  5:19  SCV  
  51  5:31  SCV  
  52  5:39  Supply Depot  
  52  5:43  SCV  
  52  5:46  Orbital Command  
  53  5:51  Refinery  
  53  5:52  Combat Shields  
  53  5:56  Siege Tank  
  56  6:00  SCV  
  56  6:27  Starport  
  56  6:30  Barracks  
  52  7:01  SCV x2  
  53  7:02  Refinery, Marine x2  
  53  7:03  Marauder  
  58  7:13  SCV x2  
  60  7:17  Starport Reactor  
  60  7:25  SCV  
  60  7:26  SCV  
  60  7:27  Factory  
  53  7:52  Barracks Reactor  
  53  7:55  Marine x2, Siege Tank  
  53  7:57  Medivac x2, Marauder  
  64  8:00  SCV  
  64  8:02  SCV  
  64  8:04  Missile Turret  
  66  8:11  Missile Turret  
  66  8:14  SCV  
  66  8:19  Marine x2  
  69  8:20  Marauder  
  69  8:27  Medivac x2, Siege Tank  
  74  8:32  Missile Turret  
  74  8:33  Missile Turret  
  78  8:36  Factory Reactor  
  78  8:37  Supply Depot  
  78  8:55  Missile Turret  
  78  9:02  Missile Turret  
  78  9:05  Missile Turret  
  78  9:08  Missile Turret  
  78  9:12  SCV  
  78  9:14  SCV  
  80  9:24  SCV  
  80  9:26  SCV  
  82  9:36  SCV  
  83  9:52  Command Center  
  77  10:34  Marine x4  
  78  10:35  Marauder  
  78  10:37  Medivac x2  
  78  10:38  Siege Tank  
  78  10:39  Factory Tech Lab  
  85  10:49  Supply Depot  
  82  11:10  Marine x2  
  82  11:11  Marine x2  
  83  11:12  Marauder  
  83  11:16  Concussive Shells  
  85  11:20  Terran Infantry Armor Level 1  
  85  11:26  Orbital Command  
  85  11:28  Marine x3  
  85  11:29  Marine  
  89  11:33  Marauder  
  89  11:34  SCV x2  
  93  11:46  SCV  
  93  11:47  SCV  
  95  11:58  SCV  
  95  11:59  SCV  
  97  12:27  Marine  
  97  12:28  Marine x4  
  102  12:45  Marine x3  
  102  12:46  Marine x2  
  107  13:01  Barracks  
  107  13:02  Barracks  
  107  13:03  Marine x5  
  112  13:06  Barracks  
  112  13:14  Medivac x2  
  115  13:20  Marine  
  115  13:21  Marine  
  115  13:25  Marine  
  117  13:33  Marine  
  117  13:34  Marine  
  117  13:38  Siege Tank  
  117  13:39  Marine  
  117  13:41  Marine  
  114  14:05  Missile Turret  
  114  14:08  SCV  
  114  14:09  SCV  
  116  14:11  SCV  
  116  14:14  Barracks Reactor x2  
  117  14:17  Supply Depot  
  117  14:21  Supply Depot, Marine  
  117  14:22  SCV x2  
  117  14:23  SCV  
  121  14:25  Missile Turret  
  121  14:34  SCV x2  
  121  14:35  SCV  
  124  14:45  Missile Turret  
  124  14:46  SCV x2  
  124  14:47  SCV  
  127  14:57  Supply Depot  
  127  14:58  Supply Depot, SCV x2  
  127  14:59  SCV  
  129  15:05  Missile Turret  
  125  15:15  Siege Tank x2  
  125  15:16  Medivac x2  
  135  15:21  Supply Depot  
  135  15:23  Supply Depot  
  135  15:25  Missile Turret, Engineering Bay  
  135  15:28  Armory x2  
  135  15:31  SCV  
  135  15:32  Refinery x2, SCV  
  135  15:33  SCV  
  138  15:43  SCV  
  138  15:44  SCV  
  138  15:45  Supply Depot, SCV  
  138  15:47  Siege Tank  
  146  15:50  Supply Depot  
  146  15:56  SCV x2, Siege Tank  
  133  15:57  SCV  
  133  15:58  Marine x2  
  133  15:59  Marine x2  
  114  16:08  SCV  
  91  16:12  Marine  
  91  16:13  Marine x5  
  91  16:16  Marine x3  
  91  16:17  Marine  
Tags
 
Add a new tag
Caveats
  • Supply blocks, unpowered buildings, or Contaminate may cause inaccurate times.
  • Supply counts are checked every 10 seconds.